 Dungeon Crawl Stone Soup version 0.31.0-11-ge490571c62 (webtiles) character file.

Game seed: 10539590274101344008

58 SnakkuSnakku7 the Caller (level 4, -2/37 HPs)
             Began as a Ghoul Summoner on Jan 26, 2024.
             Slain by a gnoll
             ... wielding a +0 flail
              (9 damage)
             ... on level 2 of the Dungeon.
             The game lasted 00:01:30 (1180 turns).

SnakkuSnakku7 the Caller (Ghoul Summoner)           Turns: 1180, Time: 00:01:31

Health: -2/37      AC:  5    Str: 13    XL:     4   Next: 1%
Magic:  6/6        EV: 10    Int: 14    God:
Gold:   104        SH:  0    Dex:  9    Spells: 5/6 levels left

rFire   . .          .
                       - Unarmed
rCold   + . .        (no shield)
rNeg    + + +        c - +0 ring mail
rPois   ∞            (no helmet)
rElec   .            (no cloak)
rCorr   .            (no gloves)
SInv    .            (no boots)
Will    .....        (no amulet)
Stlth   +            (no ring)
HPRegen 0.00/turn    (no ring)
MPRegen 0.10/turn

%: no passive effects
@: inhibited regen
A: claws 1, cold resistance 1, negative energy resistance 3, inhibited
regeneration, torment resistance 2, devour on kill
a: no special abilities


You were on level 2 of the Dungeon.
You visited 1 branch of the dungeon, and saw 3 of its levels.

You collected 104 gold pieces.

Inventory:

Missiles
 d - a throwing net
Armour
 a - a +0 robe
 c - a +0 ring mail (worn)
Scrolls
 e - a scroll of noise {unknown}
 h - a scroll of acquirement {unknown}
Potions
 b - a potion of magic
 f - a potion of might
 g - 2 potions of mutation {unknown}


   Skills:
 + Level 2.5 Fighting
 - Level 1.7 Dodging
 - Level 2.1 Stealth
 + Level 2.5 Unarmed Combat
 - Level 1.7 Spellcasting
 - Level 3.6 Summonings


You had 5 spell levels left.
You knew the following spells:

 Your Spells              Type           Power      Damage    Failure   Level
a - Summon Small Mammal   Summ           44%        N/A       12%         1

Your spell library contained the following spells:

 Spells                   Type           Power      Damage    Failure   Level
 Call Imp                 Summ           22%        N/A       19%         2
 Call Canine Familiar     Summ           11%        N/A       36%         3
 Ensorcelled Hibernation  Hex/Ice        2%         N/A       63%         2
 Passwall                 Erth           1%         N/A       85%         3
 Swiftness                Air            1%         N/A       85%         3
 Summon Blazeheart Golem  Fire/Summ      6%         N/A       95%         4
 Summon Lightning Spire   Summ/Air       6%         N/A       95%         4
 Cause Fear               Hex            0%         N/A       99%         4
 Fireball                 Conj/Fire      0%         3d3       100%        5
 Dragon's Call            Summ           5%         N/A       100%        9


Dungeon Overview and Level Annotations

Branches:
Dungeon (3/15)

Altars:
Kikubaaqudgha

Shops:
D:1 :


Innate Abilities, Weirdness & Mutations

You are immune to poison.
You have sharp fingernails.
Your flesh is cold resistant. (rC+)
You are immune to negative energy. (rN+++)
You do not regenerate when monsters are visible.
You are immune to unholy pain and torment.
You thrive by killing the living.


Message History

Unknown command.
The gnoll barely misses you. The bat closely misses you.
The bat closely misses you. The gnoll hits you but does no damage.
The bat barely misses you.
You climb upwards.
There is a stone staircase leading down here.
Unknown command.
You scratch the gnoll.
The gnoll is moderately wounded.
The bat barely misses you. The gnoll barely misses you.
You closely miss the gnoll.
The gnoll is moderately wounded.
The bat hits you but does no damage. The gnoll barely misses you.
You scratch the gnoll.
The gnoll is severely wounded.
The bat barely misses you. The gnoll hits you with a +0 flail.
You barely miss the gnoll.
The gnoll is severely wounded.
The gnoll closely misses you.
You completely miss the gnoll.
The gnoll is severely wounded.
The bat barely misses you. The gnoll closely misses you.
You closely miss the gnoll.
The gnoll is severely wounded.
The gnoll hits you with a +0 flail!
You are too injured to fight recklessly!
You are too injured to fight recklessly!
You are too injured to fight recklessly!
You scratch the gnoll.
The gnoll is severely wounded.
The bat hits you but does no damage. The gnoll misses you.
You scratch the gnoll.
The gnoll is almost dead.
The gnoll hits you with a +0 flail!
* * * LOW HITPOINT WARNING * * *
The bat closely misses you.
You scratch the gnoll.
The gnoll is almost dead.
The bat closely misses you. The gnoll hits you with a +0 flail!
You die...

#........#
#........#######
##........#.....##
.................##
.#.......)........#
..................#
..................#
....##'#..........#
..###≈.#......b.@)#
..#≈≈≈.#...)...g.)#
..#≈...#.........##
..#≈♣###..#.....##
..####...########
.........###
..#..#.#...#
###.##.#...#
#.##.#...#


You could see a gnoll and a bat.

Vanquished Creatures
  2 gnolls (D:2)
  A dart slug (D:1)
  5 ball pythons
  7 endoplasms
  4 goblins
  3 hobgoblins
  3 kobolds
  A quokka (D:1)
  A bat (D:2)
  3 frilled lizards (D:1)
  2 rats (D:1)
32 creatures vanquished.

Notes
Turn   | Place    | Note
-------+----------+-------------------------------------------
     0 | D:1      | SnakkuSnakku7 the Ghoul Summoner began the quest for the
                  | Orb.
     0 | D:1      | Reached XP level 1. HP: 14/14 MP: 3/3
   101 | D:1      | Found Puosirah's Book Shop.
   155 | D:1      | Reached skill level 1 in Fighting
   155 | D:1      | Reached skill level 1 in Unarmed Combat
   168 | D:1      | Reached XP level 2. HP: 14/23 MP: 4/4
   408 | D:1      | Reached XP level 3. HP: 27/29 MP: 5/5
   668 | D:2      | Found an ancient bone altar of Kikubaaqudgha.
  1079 | D:2      | Reached XP level 4. HP: 14/37 MP: 6/6
  1180 | D:2      | Slain by a gnoll

Illustrated notes

Levels and vault maps discovered:
D:1:      dpeg_arrival_round_b, layout_rooms, serial_shops, shop
D:2:      layout_rooms, basic_altar, kennysheep_nondescript
D:3:      layout_basic, trog_hazing_becter, ebering_ghost_sewer_d

Skill      XL: |  1  2  3 |
---------------+----------+-----
Fighting       | 1 2 |  2.5
Unarmed Combat | 1 2 |  2.5
Dodging        | |  1.7
Stealth        | |  2.1
Spellcasting   | |  1.7
Summonings     | |  3.6

Action                     |  1- 3 |  4- 6 || total
---------------------------+-------+-------++-------
  Melee: Unarmed           |   123 |     9 ||   132
         Punch             |     2 |       ||     2
    Use: Scroll            |     3 |       ||     3
   Stab: Sleeping          |     3 |       ||     3
 Armour: Ring mail         |    72 |     8 ||    80
         Robe              |     2 |       ||     2
  Dodge: Dodged            |    48 |    14 ||    62
